 Dungeon Crawl Stone Soup version 0.27.1-33-g824d729ab1 (webtiles) character file.

Game seed: 8617467308105002999

6084 Destapler the Charlatan (level 10, -21/94 (96) HPs)
             Began as a Troll Berserker on Dec 9, 2021.
             Was an Elder of Trog.
             Demolished by a death yak (24 damage)
             ... on level 9 of the Dungeon.
             The game lasted 00:20:05 (5613 turns).

Destapler the Charlatan (Troll Berserker)           Turns: 5613, Time: 00:20:05

HP:   -21/94 (96)   AC:  7    Str: 28    XL:     10   Next: 58%
MP:   9/9           EV: 12    Int:  4    God:    Trog [****..]
Gold: 452           SH:  0    Dex: 16    Spells: 9/9 levels left

rFire    . . .     SeeInvis .     - Unarmed
rCold    . . .     Faith    .   (no shield)
rNeg     . . .     Spirit   .   E - +0 steam dragon scales
rPois    .         Reflect  .   (helmet restricted)
rElec    .         Harm     .   (no cloak)
rCorr    .         Rampage  .   (gloves unavailable)
Will     ++...                  (boots unavailable)
Stlth    +.........             D - amulet of regeneration
HPRegen  3.25/turn              f - +6 ring of dexterity
MPRegen  0.11/turn              (no ring)

@: strong-willed, on berserk cooldown, regenerating, slowed, lightly drained,
very slow
A: large, unfitting armour, claws 3, regeneration 1, shaggy fur 1, tough skin 1
a: Renounce Religion, Berserk, Trog's Hand, Brothers in Arms


You were on level 9 of the Dungeon.
You worshipped Trog.
Trog was greatly pleased with you.
You visited 1 branch of the dungeon, and saw 9 of its levels.

You collected 578 gold pieces.
You spent 126 gold pieces at shops.

Inventory:

Hand Weapons
 b - a +1 scimitar of flaming
 q - a +1 antimagic spear
 y - a +1 whip of electrocution
Missiles
 g - 4 boomerangs (quivered)
 h - 38 poisoned darts
Armour
 a - a +1 animal skin
 z - a +2 robe of fire resistance
 E - +0 steam dragon scales (worn)
Jewellery
 f - a +6 ring of dexterity (left claw)
 D - an amulet of regeneration (around neck)
Wands
 s - a wand of paralysis (33)
 x - a wand of iceblast (8)
Scrolls
 c - a scroll of vulnerability {unknown}
 d - 9 scrolls of identify {unknown}
 j - 2 scrolls of magic mapping {unknown}
 m - 3 scrolls of teleportation {unknown}
 o - 2 scrolls of blinking {unknown}
 u - a scroll of enchant armour
 v - a scroll of summoning {unknown}
 w - a scroll of immolation {unknown}
 A - a scroll of holy word {unknown}
 B - 2 scrolls of noise {unknown}
 F - a scroll of amnesia {unknown}
Potions
 e - a potion of brilliance {unknown}
 i - a potion of degeneration {unknown}
 k - a potion of heal wounds {unknown}
 l - 2 potions of haste {unknown}
 n - 2 potions of ambrosia {unknown}
 p - 3 potions of curing {unknown}
 r - a potion of experience {unknown}
 t - a potion of mutation {unknown}
 C - 2 potions of magic {unknown}


   Skills:
 - Level 5.0 Fighting
 - Level 4.0 Long Blades
 - Level 5.0 Throwing
 - Level 4.0 Armour
 - Level 5.0 Dodging
 - Level 4.0 Shields
 - Level 3.0 Unarmed Combat
 + Level 7.4 Evocations


You had 9 spell levels left.
You didn't know any spells.
Your spell library contained the following spells:

 Spells                   Type           Power      Damage    Failure   Level
 Animate Skeleton         Necr           0%         N/A       50%         1
 Freeze                   Ice            0%         1d3       50%         1
 Magic Dart               Conj           0%         1d3       50%         1
 Pain                     Necr           0%         1d4       50%         1
 Call Imp                 Summ           0%         N/A       65%         2
 Slow                     Hex            0%         N/A       65%         2
 Confusing Touch          Hex            0%         N/A       86%         3
 Dazzling Flash           Conj/Hex       0%         N/A       86%         3
 Frozen Ramparts          Ice            0%         1d2       86%         3
 Mephitic Cloud           Conj/Pois/Air  0%         N/A       86%         3
 Vampiric Draining        Necr           0%         2d6       86%         3
 Animate Dead             Necr           0%         N/A       99%         4
 Hailstorm                Conj/Ice       0%         3d3       99%         4
 Leda's Liquefaction      Hex/Erth       0%         N/A       99%         4
 Agony                    Necr           0%         N/A       100%        5
 Bolt of Magma            Conj/Fire/Erth 0%         4d4       100%        5
 Silence                  Hex/Air        0%         N/A       100%        5
 Yara's Violent Unravell  Hex/Tmut       0%         3d3       100%        5
 Statue Form              Tmut/Erth      0%         N/A       100%        6
 Haunt                    Necr/Summ      0%         N/A       100%        7
 Infestation              Necr           0%         N/A       100%        8


Dungeon Overview and Level Annotations

Branches:
Dungeon (9/15)             Temple (0/1) D:6
   Lair: D:8-11         Orc: D:9-12

Altars:
Nemelex Xobeh
Ru
Yredelemnul
The Shining One

Shops:
D:4 *   D:5 *   D:7 [

Annotations:
D:9 exclusion: ice statue


Innate Abilities, Weirdness & Mutations

You are too large for most types of armour.
You have claws for hands.
Your natural rate of healing is unusually fast.
You are covered in fur. (AC +1)
You have tough skin. (AC +1)


Message History

The wight hits you with a +4 short sword.
You feel drained.
You claw the wight!
You destroy the wight!
Trog accepts your kill.
HP restored.
You climb upwards.
The death yak gores you!! The death yak gores you.
There is a stone staircase leading down, spattered with blood here.
The death yak gores you.
The death yak gores you but does no damage.
You climb downwards.
Level annotation: exclusion: ice statue
There is a stone staircase leading up, spattered with blood here.
Your skin crawls.
You feel strong-willed. The death yak gores you! The death yak gores you!!
* * * LOW HITPOINT WARNING * * *
A red film seems to cover your vision as you go berserk!
You feel yourself moving faster!
You feel mighty! The death yak gores you!!
* * * LOW HITPOINT WARNING * * *
The death yak gores you!
* * * LOW HITPOINT WARNING * * *
You feel a strong urge to attack something.
You feel your anger nearly subside.
You are no longer berserk.
You are exhausted.
You feel yourself slow down.
You claw the death yak!
The death yak is moderately wounded.
The death yak gores you.
* * * LOW HITPOINT WARNING * * *
You scratch the death yak.
The death yak is moderately wounded.
The death yak snorts and paws the ground.
The death yak closely misses you.
You scratch the death yak but do no damage.
The death yak is moderately wounded.
The death yak gores you!!
* * * LOW HITPOINT WARNING * * *
The death yak gores you!!
You die...

# #.#. ###### #.#.#. .....
#.#.#. .... #.#..... ....
#.###.## .... #.#.....
########...... #.#.#.##
........# #... #.#.#...
############@###...###.#.####
.....#...[Y#Y#.........#.....
..........†..Y..........).....
..............#.###.##..†....#
###.###..#...........#.#####.#
# #..#...........#.#####.#
##..##........).......#.#
................#.###.#.#
#######.........#.# #.#


You could see 2 death yaks.

Vanquished Creatures
  3 death yaks (D:9)
  Pikel (D:6)
  2 centaur zombies
  A wyvern (D:7)
  Eustachio (D:6)
  5 yaks (D:7)
  A human (D:7)
  Menkaure (D:6)
  A steam dragon (D:9)
  An orc warrior (D:7)
  A black bear (D:5)
  An ice beast (D:7)
  An ogre (D:6)
  A necrophage (D:6)
  3 centaurs
  A kobold brigand (D:7)
  A bullfrog (D:9)
  3 scorpions
  A water moccasin zombie (D:6)
  7 wights
  A bullfrog zombie (D:5)
  3 orc priests
  3 hounds
  3 jellies
  A bullfrog skeleton (D:5)
  3 iguanas
  2 orc wizards (D:5)
  Natasha (D:4)
  2 hound skeletons (D:4)
  9 adders
  A howler monkey zombie (D:9)
  13 gnolls
  2 worms
  4 dart slugs
  21 orcs
  4 ball pythons
  10 endoplasms
  4 giant cockroaches
  8 goblins
  6 hobgoblins
  3 jackals (D:2)
  4 quokkas
  7 bats
  3 frilled lizards
  A goblin skeleton (D:7)
  A goblin zombie (D:7)
  9 kobolds
  5 rats
  A toadstool (D:9)
172 creatures vanquished.

Vanquished Creatures (others)
  An orc wizard (D:6)
  An orc (D:6)
  2 fungi (D:9)
  3 toadstools (D:9)
7 creatures vanquished.

Grand Total: 179 creatures vanquished

Notes
Turn   | Place    | Note
-------+----------+-------------------------------------------
     0 | D:1      | Destapler the Troll Berserker began the quest for the Orb.
     0 | D:1      | Reached XP level 1. HP: 22/22 MP: 0/0
   346 | D:1      | Found a faded altar of an unknown god.
   371 | D:1      | Reached XP level 2. HP: 29/29 MP: 1/1
  1017 | D:2      | Reached XP level 3. HP: 34/36 MP: 2/2
  1020 | D:2      | Reached ** piety under Trog
  1649 | D:3      | Reached skill level 1 in Throwing
  1649 | D:3      | Reached skill level 1 in Armour
  1649 | D:3      | Reached XP level 4. HP: 31/44 MP: 3/3
  1672 | D:3      | Reached skill level 1 in Shields
  1877 | D:3      | Reached skill level 1 in Evocations
  2080 | D:4      | Noticed Natasha
  2081 | D:4      | Killed Natasha
  2082 | D:4      | Reached skill level 1 in Long Blades
  2082 | D:4      | Reached XP level 5. HP: 53/53 MP: 4/4
  2148 | D:4      | Reached *** piety under Trog
  2210 | D:4      | Reached XP level 6. HP: 50/61 MP: 5/5
  2413 | D:4      | Found Tiosk's Gadget Gallery.
  2657 | D:5      | Entered Level 5 of the Dungeon
  2683 | D:5      | Found Voghas's Assorted Antiques.
  2693 | D:5      | Bought a fizzy ruby potion for 24 gold pieces
  2693 | D:5      | Bought a bubbling orange potion for 24 gold pieces
  2693 | D:5      | Bought an orange potion for 24 gold pieces
  2693 | D:5      | Bought a scroll labelled CYUBYCYTSUSM for 27 gold pieces
  2693 | D:5      | Bought a scroll labelled MEUQO KOEMIGH for 27 gold pieces
  2709 | D:5      | Found a glowing golden altar of the Shining One.
  2827 | D:5      | Reached XP level 7. HP: 54/67 MP: 6/6
  2829 | D:5      | Reached skill level 2 in Evocations
  2940 | D:5      | Reached XP level 8. HP: 76/78 MP: 7/7
  3169 | D:5      | Found a sparkling altar of Nemelex Xobeh.
  3451 | D:6      | Reached skill level 3 in Evocations
  3478 | D:6      | Noticed Eustachio
  3489 | D:6      | Noticed Pikel
  3504 | D:6      | Killed Eustachio
  3508 | D:6      | Killed Pikel
  3508 | D:6      | Reached **** piety under Trog
  3631 | D:6      | Found a staircase to the Ecumenical Temple.
  3686 | D:6      | Reached XP level 9. HP: 82/85 MP: 8/8
  3719 | D:6      | Noticed Menkaure
  3731 | D:6      | Killed Menkaure
  4183 | D:6      | HP: 4/85 [poisoned by a kobold brigand]
  4501 | D:7      | Reached skill level 5 in Fighting
  4501 | D:7      | Reached skill level 4 in Evocations
  4516 | D:7      | Reached skill level 5 in Throwing
  4625 | D:7      | Found a runed translucent door.
  4626 | D:7      | Found a basalt altar of Yredelemnul.
  4644 | D:7      | Reached skill level 5 in Dodging
  4673 | D:7      | Found Xunnuiqo's Antique Armour Shoppe.
  4992 | D:7      | Found a sacrificial altar of Ru.
  5211 | D:8      | You fall into a shaft and drop 1 floor!
  5258 | D:9      | Reached skill level 5 in Evocations
  5258 | D:9      | Reached XP level 10. HP: 65/96 MP: 9/9
  5279 | D:9      | Noticed an ice statue
  5393 | D:8      | Noticed a death yak
  5395 | D:8      | Noticed a death yak
  5398 | D:8      | Noticed a death yak
  5400 | D:8      | Noticed a death yak
  5401 | D:8      | Noticed a death yak
  5423 | D:9      | Killed a death yak
  5424 | D:9      | Reached skill level 6 in Evocations
  5484 | D:9      | Killed a death yak
  5555 | D:9      | Killed a death yak
  5556 | D:9      | Reached skill level 7 in Evocations
  5613 | D:9      | HP: 3/94 [death yak (24)]
  5613 | D:9      | Demolished by a death yak

Illustrated notes

Levels and vault maps discovered:
D:1:      minmay_arrival_five_plusses, layout_loops_corners,
          shapermc_ecumenical_altar_venn
D:2:      layout_loops_ring, solitary_fountain, kennysheep_boxes
D:3:      layout_rooms
D:4:      layout_cave_pools, nicolae_shop_gadgets, uniq_natasha
D:5:      layout_basic, old_standard_altar, nemelex_diamond_rough_becter,
          serial_shops, nicolae_shop_overgrown_old_shop,
          hangedman_abyss_or_decor_stabs
D:6:      layout_cave_pools, minmay_temple_entry_junction, uniq_eustachio,
          uniq_pikel, uniq_menkaure
D:7:      layout_basic, nicolae_ru_path_of_blood, dk_yredelemnul_ordeal,
          serial_shops, shop
D:8:      layout_loops_ring, mainiacjoe_overflow_six_doors_small,
          dpeg_lair_monsters, uniq_joseph
D:9:      layout_basic, worldfamousw_hep_ancestral_shrine,
          minmay_gold_behind_fungi, minivault_16, uniq_grum

Skill      XL: |  1  2  3  4  5  6  7  8  9 10 |
---------------+-------------------------------+-----
Throwing       | 1 2 3 5 |  5.0
Armour         | 1 2 3 4 |  4.0
Shields        | 1 2 3 4 |  4.0
Evocations     | 1 2 3 5 7 |  7.4
Fighting       | 3 4 5 |  5.0
Long Blades    | 1 2 3 4 |  4.0
Dodging        | 3 5 |  5.0
Unarmed Combat | |  3.0

Action                   |  1- 3 |  4- 6 |  7- 9 | 10-12 || total
-------------------------+-------+-------+-------+-------++-------
Melee: Unarmed           |   109 |   105 |   172 |    67 ||   453
       Punch             |     2 |     2 |     3 |     1 ||     8
Throw: Boomerang         |       |    88 |    57 |     8 ||   153
       Dart              |       |       |    24 |       ||    24
Invok: Trog's Hand       |       |     1 |     1 |     1 ||     3
       Berserk           |       |       |     4 |     4 ||     8
  Use: Scroll            |       |     1 |       |       ||     1
 Stab: Sleeping          |       |     1 |     1 |       ||     2
Armor: Animal skin       |    27 |    24 |    30 |       ||    81
       Robe              |       |       |    22 |     6 ||    28
       Steam dragon scal |       |       |       |     1 ||     1
Dodge: Dodged            |    38 |    52 |    92 |    25 ||   207
